Croesus, chaotic male elven Ranger ----------- ----------- |....|....--- |.........| |...`|``...>| |.........| |.........--- |.........| |....|....| |....<....| |-.--------- |.........| |..`.|..)..| |.........| |....|`....| |.........| |...[......| |.........| |....|....d----------------.| |....|....d@Y..u.o.Yo%......| ----------------------------- Croesus the Trailblazer Experience level: 8 Strength: 17 Dexterity: 13 Constitution: 16 Intelligence: 14 Wisdom: 15 Charisma: 7 Health: 0(53) Energy: 47(47) Def: 17 Gold: 0 Moves: 7787 Dungeon seed: yjwvoAAxmfq8EAQ5 Game ID: Croesus_1563310640 Your Inventory: Weapons c - 34 +2 elven arrows d - the +1 Sting (weapon in hand) e - a +1 elven bow h - 2 +0 orcish daggers l - a +0 elven arrow Z - 12 +0 arrows (in quiver) Armor q - a blessed +1 orcish helm (being worn) x - an uncursed +0 large shield (being worn) M - an uncursed +1 pair of iron shoes (being worn) N - a blessed +0 plate mail (being worn) P - an uncursed +2 elven cloak (being worn) Comestibles u - an uncursed food ration v - 2 uncursed fortune cookies w - an uncursed tin of rock piercer meat z - an uncursed tripe ration Scrolls p - a cursed scroll of teleportation Potions r - an uncursed potion of gain level Rings n - an uncursed ring of slow digestion L - an uncursed ring of teleport control Q - a blessed +1 ring of gain strength Wands g - a wand of slow monster (0:6) k - a wand of fire (0:0) s - a wand of teleportation (0:4) H - a wand of digging (0:3) J - a wand of undead turning (0:7) S - a wand of magic missile (0:7) Tools b - an uncursed bag of holding Contents of the bag of holding: 1483 gold pieces a blessed +0 axe a +0 dagger an uncursed apple an uncursed carrot 4 uncursed food rations 4 uncursed lembas wafers 2 uncursed lichen corpses an uncursed tripe ration 2 uncursed scrolls of confuse monster a blessed scroll of create monster a blessed scroll of earth an uncursed scroll of earth a blessed scroll of enchant armor an uncursed scroll of enchant weapon a cursed scroll of enchant weapon an uncursed scroll of scare monster an uncursed scroll of teleportation an uncursed spellbook of sleep an uncursed potion of confusion 2 uncursed potions of healing an uncursed potion of object detection a cursed potion of see invisible an uncursed potion of sleeping a cursed ring of protection from shape changers an uncursed ring of searching an uncursed figurine of a black unicorn 4 blessed tallow candles (0:200) an uncursed wax candle (0:400) an uncursed fluorite stone 2 uncursed worthless pieces of black glass 4 uncursed worthless pieces of blue glass an uncursed worthless piece of green glass an uncursed worthless piece of orange glass 2 uncursed worthless pieces of white glass 2 uncursed worthless pieces of yellowish brown glass Spells and supernatural/magical abilities: Name Level Category Fail Memory z - sleep 1 enchantment 100% 78% W - pray for help -- divine ? -- Your skills at the end: Fighting Skills Weapon Skills dagger [Skilled] bow [Skilled] Spellcasting Skills Final Attributes: You were piously aligned. You were sleep resistant. You were telepathic. You were aware of the presence of orcs. You had automatic searching. You had infravision. You were stealthy. You were held by an owlbear. You are dead. Vanquished creatures: 2 wargs a tengu a crocodile a leprechaun an iron piercer a scorpion a brown pudding 2 owlbears a yeti a dog a jaguar 2 dust vortices a raven a rope golem 6 bugbears an imp 2 water nymphs 8 Mordor orcs 2 rock piercers 3 ponies a fog cloud 4 yellow lights a shrieker 3 gnome lords 2 gnomish wizards a guardian naga hatchling 2 elf zombies 2 little dogs 4 floating eyes a dwarf a homunculus a kobold lord 3 hill orcs a rothe 3 rabid rats a monkey 3 dwarf zombies a wererat a werejackal 2 iguanas 2 acid blobs a coyote a gas spore a large kobold 7 hobgoblins 6 giant rats a yellow mold a green mold a red mold a gnome 5 garter snakes 2 gnome zombies 20 jackals 5 goblins 11 sewer rats 2 grid bugs 3 bats 11 lichens a kobold zombie 5 newts 164 creatures vanquished. Voluntary challenges: You had been an atheist until turn 2024. You used a wielded weapon 130 times, starting on turn 170. You read items or engraved 2 times, starting on turn 1150. You never genocided any monsters. You never polymorphed an object. You never changed form. You used no wishes. You never split a pudding. You never wrote Elbereth's name. You never violated your personal moral code. Dungeon overview: The Dungeons of Doom: levels 1 to 10 Level 1 some fountains, a sink a long staircase Level 2 a delicatessen stairs to The Gnomish Mines Level 3 Level 4 some fountains Level 5 Level 6 an altar to Mars Level 7 Level 8 many fountains Level 9 stairs to Sokoban Level 10 The Gnomish Mines: Level 3 stairs to The Dungeons of Doom Sokoban: levels 7 to 8 Level 7 <- You were here Level 8 stairs to The Dungeons of Doom History has recorded: On T:1 you entered the Dungeons of Doom to retrieve the Amulet of Yendor! On T:210 you reached level 2 of The Dungeons of Doom. On T:448 you reached level 3 of The Dungeons of Doom. On T:959 you reached level 1 of The Gnomish Mines. On T:1105 you reached level 4 of The Dungeons of Doom. On T:1523 you reached level 5 of The Dungeons of Doom. On T:1603 you reached level 6 of The Dungeons of Doom. On T:1812 you advanced to experience level 2. On T:1929 you advanced to experience level 3. On T:2133 you reached level 7 of The Dungeons of Doom. On T:2221 you advanced to experience level 4. On T:2342 you reached level 8 of The Dungeons of Doom. On T:3011 you advanced to experience level 5. On T:3063 you advanced to experience level 6. On T:3863 you reached level 9 of The Dungeons of Doom. On T:4708 you reached level 10 of The Dungeons of Doom. On T:4908 you advanced to experience level 7. On T:5312 you reached level 4 of Sokoban. On T:6072 you reached level 3 of Sokoban. On T:7674 you advanced to experience level 8. Score breakdown: Gold: 1483 (10788 points) Experience: 8 levels (14739 points) Exploration: 10 levels ( 20.83%) (13127 points) Discoveries: 8 items ( 2.76%) ( 4982 points) Valuables value: (no points given unless you survive) Artifact value: 800 ( 9877 points) Variety of kills: 60 monsters ( 15.75%) (11905 points) Turncount: 7787 turns (-2009 points) Survival: died (score multiplied by 80%) Total score: 50727 Latest messages: You hit the owlbear. The owlbear hits! (2x) The owlbear grabs you! Sirius drops an iron skull cap. You hit the owlbear. The owlbear misses. (2x) You are being crushed. You are now wielding your Sting. The owlbear hits! (2x) You are being crushed. The owlbear hits! (2x) You are being crushed. You hit the owlbear! The owlbear hits! (2x) You are being crushed. You miss the owlbear. The owlbear hits! (2x) You are being crushed. You hit the owlbear! The owlbear hits! (2x) You are being crushed. The owlbear hits! The owlbear misses. You are being crushed. You die... Final status: Goodbye Croesus the Ranger, killed by an owlbear... You died in Sokoban on dungeon level 7 with 50727 points, and 1483 pieces of gold, after 7787 moves. You were level 8 with a maximum of 53 hit points when you died.